Map: Мороз РВ

Players

samoZLO - Winner!

  • Race: Terran Terran
  • League: Diamond
  • Spawn Location: 7:00

Owl

  • Race: Terran Terran
  • League: Diamond
  • Spawn Location: 5:00

VOD

Have the link to the VOD?

Description

Time

  • Played on: Feb. 23, 2017, 1:13 p.m.
  • Length: 15:40
Show
View Real Time Build Order
Export as new Build Order

samoZLO Terran - Winner!

Build Orders: Reaper Expand, MMM Bio 

Get SALT Encoding   

  12  0:01  SCV  
  13  0:13  SCV  
  14  0:17  Supply Depot  
  14  0:25  SCV  
  15  0:39  SCV  
  15  0:40  Barracks  
  16  0:45  Refinery  
  16  0:51  SCV  
  17  1:03  SCV  
  18  1:15  SCV  
  19  1:28  Orbital Command, Reaper  
  20  1:44  Command Center  
  20  1:55  Barracks  
  20  2:00  Barracks Reactor  
  20  2:05  SCV  
  21  2:13  Refinery  
  21  2:20  Supply Depot  
  21  2:28  Bunker  
  21  2:36  SCV  
  21  2:37  Marine  
  22  2:42  Marine  
  22  2:43  Barracks Tech Lab  
  24  2:48  Factory  
  24  2:52  SCV  
  25  2:59  Orbital Command  
  25  3:08  Stimpack  
  25  3:23  Marine x2  
  25  3:26  SCV  
  28  3:28  Marine  
  28  3:31  SCV  
  28  3:32  Supply Depot  
  30  3:40  Starport  
  30  3:41  Marine  
  30  3:42  Factory Reactor  
  30  3:44  Marine  
  32  3:57  Marine  
  32  3:59  Marine, SCV  
  32  4:01  SCV  
  36  4:03  Marine  
  37  4:11  SCV  
  37  4:15  Marine  
  37  4:16  Supply Depot, Marine  
  40  4:19  Engineering Bay  
  40  4:21  Marine  
  41  4:25  SCV  
  41  4:28  Medivac  
  41  4:31  Medivac  
  46  4:33  Marine  
  46  4:34  Factory Tech Lab, Marine  
  48  4:39  SCV  
  48  4:43  Marine  
  50  4:48  SCV  
  50  4:49  Missile Turret  
  52  4:54  Missile Turret  
  52  5:02  Marine x2, SCV x2  
  55  5:07  Siege Tank  
  55  5:12  Marine  
  58  5:17  SCV  
  58  5:18  Combat Shields  
  58  5:20  Marine  
  60  5:23  Marine  
  60  5:24  Refinery  
  60  5:29  Marine  
  60  5:35  SCV  
  62  5:46  Marine  
  61  5:50  Marauder  
  51  5:59  Marine  
  48  6:04  Marine  
  49  6:12  Marauder  
  49  6:17  Marine  
  51  6:19  SCV  
  51  6:22  Marine  
  53  6:30  Terran Infantry Weapons Level 1  
  53  6:32  Siege Tank  
  56  6:33  Marauder  
  56  6:34  Marine  
  51  6:40  Marine  
  52  6:52  Marine  
  53  6:54  Marauder  
  53  6:57  Marine, Medivac x2  
  60  7:06  Command Center  
  60  7:07  SCV  
  61  7:10  Marine  
  62  7:19  Refinery  
  62  7:26  Missile Turret  
  62  7:32  Supply Depot  
  62  7:42  Barracks  
  62  7:43  Barracks  
  62  7:54  Marauder, Marine x2, SCV  
  67  8:10  Engineering Bay  
  67  8:11  Marine x2, SCV  
  67  8:12  Armory, Concussive Shells  
  70  8:18  Siege Tank, Marine  
  74  8:26  Orbital Command  
  74  8:28  Medivac  
  74  8:29  Marine x2  
  78  8:35  Marine  
  78  8:40  Barracks Tech Lab, Barracks Reactor  
  79  8:46  Barracks  
  79  8:54  Marauder  
  73  9:14  Marauder, Marine x2  
  73  9:15  Marauder, Marine  
  73  9:16  Marine  
  74  9:31  Marine x2  
  74  9:35  Orbital Command, Marauder  
  78  9:39  Marine x3  
  78  9:40  Siege Tank  
  84  9:46  SCV  
  84  9:50  Marine x2  
  84  9:51  SCV  
  85  9:54  Terran Infantry Weapons Level 2  
  85  9:57  Terran Infantry Armor Level 1  
  85  9:58  Terran Vehicle Weapons Level 1  
  83  10:06  Marauder  
  85  10:20  Missile Turret  
  85  10:27  Bunker  
  85  10:38  Marine, SCV x3  
  85  10:40  Medivac  
  85  10:44  Barracks Tech Lab  
  85  11:12  Supply Depot x2  
  85  11:14  Supply Depot  
  85  11:19  Supply Depot  
  85  11:20  Supply Depot  
  85  11:31  Marine x3  
  85  11:32  Marauder, SCV x3  
  93  11:33  Supply Depot x2, Siege Tank, Medivac x2, Marine  
  93  11:34  Marauder x2  
  105  11:44  SCV x2  
  107  11:48  SCV  
  107  11:49  Marine x3  
  107  11:52  Terran Infantry Armor Level 2  
  111  11:56  Terran Vehicle Weapons Level 2, SCV x2  
  113  12:05  Siege Tank  
  113  12:07  Marine x2  
  113  12:08  Marauder, Medivac x2  
  124  12:18  Marauder x2, Marine x2  
  130  12:25  Marine x2  
  130  12:28  Marine  
  133  12:36  Marine x2  
  132  12:39  Marauder  
  132  12:40  Marauder  
  125  12:47  Medivac, Marauder, Marine x2  
  117  12:54  Marine x2  
  117  13:01  Marauder  
  117  13:02  Marauder  
  117  13:04  Marine x2  
  118  13:08  Marauder  
  118  13:11  Marine x2  
  105  13:22  Marauder, Marine x2  
  105  13:23  Marauder  
  111  13:29  Marine x2  
  111  13:30  Marauder  
  115  13:35  Medivac x2  
  115  13:39  Supply Depot  
  115  13:40  Marine x2  
  121  13:43  Marauder  
  121  13:44  Marine  
  124  13:54  Refinery  
  126  13:56  Refinery, Marauder  
  126  14:00  Marine x3  
  131  14:02  Marauder  
  130  14:34  Marauder, Marine x2  
  133  14:50  Command Center  
  116  15:04  SCV  
  116  15:05  Marauder x2, Marine  
  118  15:07  Command Center, Marauder, Marine  
  114  15:22  Marine  
Show
View Real Time Build Order
Export as new Build Order

Owl Terran 

Build Orders: 1/1/1, Cyclone Opening 

Get SALT Encoding   

  12  0:00  SCV  
  13  0:13  SCV  
  14  0:18  Supply Depot  
  14  0:25  SCV  
  15  0:28  Refinery  
  15  0:39  SCV  
  16  0:46  Barracks  
  16  0:52  SCV  
  17  0:57  Refinery  
  17  1:04  SCV  
  18  1:16  SCV  
  19  1:33  Orbital Command  
  19  1:35  Factory  
  19  1:41  Reaper  
  20  1:50  Supply Depot  
  20  2:00  SCV  
  21  2:12  SCV  
  22  2:22  Starport  
  22  2:23  Barracks Reactor  
  22  2:27  Cyclone  
  22  2:29  SCV  
  26  2:42  SCV  
  27  2:57  SCV  
  28  3:03  Command Center  
  28  3:09  Starport Tech Lab  
  28  3:12  SCV  
  29  3:14  Hellion  
  30  3:27  SCV  
  30  3:28  Barracks Tech Lab  
  31  3:41  Supply Depot  
  31  3:56  Factory  
  31  4:02  Raven  
  31  4:03  Hellion x2, SCV  
  31  4:06  Supply Depot  
  38  4:15  SCV  
  39  4:24  Supply Depot, Hellion x2  
  39  4:31  SCV  
  44  4:33  Orbital Command  
  44  4:43  SCV  
  45  4:51  Siege Tank  
  52  4:52  Hellion  
  52  4:53  Hellion  
  52  4:55  Viking, SCV  
  55  5:03  SCV  
  56  5:07  SCV  
  61  5:14  Hellion x2  
  61  5:17  Infernal Pre-Igniter  
  61  5:19  SCV  
  61  5:20  SCV  
  63  5:31  Siege Tank, SCV  
  67  5:35  Viking  
  45  6:11  Siege Tank  
  45  6:12  Hellion x2  
  44  6:19  SCV x2  
  46  6:31  SCV x2  
  48  6:37  Hellion x2  
  48  6:38  Viking  
  54  6:43  SCV  
  55  6:52  SCV  
  56  6:55  SCV  
  56  6:56  Command Center  
  57  7:04  SCV  
  57  7:05  Siege Tank  
  57  7:07  SCV  
  62  7:15  Viking  
  62  7:16  SCV  
  62  7:20  Refinery  
  65  7:23  Refinery  
  65  7:26  Hellion  
  65  7:27  SCV  
  68  7:36  Engineering Bay  
  68  7:39  Armory  
  68  7:40  SCV  
  68  7:43  SCV  
  70  8:00  Supply Depot  
  70  8:03  Supply Depot  
  70  8:08  Missile Turret, Siege Tank, SCV  
  70  8:12  Orbital Command  
  75  8:20  SCV x2  
  76  8:32  SCV  
  76  8:34  SCV  
  78  8:37  Hellion x2  
  78  8:40  Siege Tank  
  78  8:41  Missile Turret  
  85  8:55  SCV  
  85  8:57  Orbital Command  
  80  9:12  Siege Tank  
  81  9:36  SCV  
  81  9:37  SCV  
  81  9:40  Starport  
  81  9:55  Factory, SCV x2  
  81  9:56  Starport  
  81  9:58  Factory  
  83  10:04  SCV  
  83  10:05  Engineering Bay  
  83  10:06  Hellion x2, Siege Tank  
  92  10:07  SCV x2  
  93  10:16  SCV  
  93  10:19  Starport Reactor  
  94  10:22  Supply Depot, SCV x2  
  96  10:28  SCV  
  96  10:34  SCV x2  
  99  10:35  Missile Turret  
  99  10:40  SCV  
  99  10:46  SCV  
  99  10:49  Starport Reactor, Factory Tech Lab  
  100  10:52  Hellion x2, Siege Tank  
  107  11:00  Missile Turret  
  107  11:01  Supply Depot x2, Missile Turret x2  
  107  11:02  Missile Turret  
  107  11:07  Missile Turret  
  107  11:11  Missile Turret, SCV x2  
  109  11:19  Missile Turret  
  109  11:22  Siege Tank, SCV  
  109  11:23  SCV x2  
  109  11:24  Viking  
  117  11:27  Terran Vehicle Weapons Level 1  
  117  11:34  Missile Turret  
  117  11:37  SCV  
  117  11:38  Siege Tank, SCV  
  117  11:39  Siege Tank  
  125  11:48  Liberator x2, Hellion, Viking x2  
  125  11:51  Supply Depot  
  131  11:58  Siege Tank  
  131  12:01  Liberator  
  128  12:06  SCV x2  
  134  12:11  Siege Tank x2  
  140  12:18  Viking  
  145  12:30  Missile Turret, Siege Tank  
  145  12:32  Command Center  
  145  12:34  Refinery  
  145  12:36  Refinery  
  146  12:38  Supply Depot  
  146  12:43  Siege Tank  
  114  13:01  Supply Depot, Siege Tank  
  114  13:02  Siege Tank  
  119  13:15  Siege Tank  
  120  13:27  Hellion x2  
  120  13:29  Liberator  
  120  13:31  Supply Depot  
  120  13:33  Siege Tank  
  123  13:34  Siege Tank  
  126  13:47  Siege Tank  
  132  14:05  Siege Tank, Sensor Tower  
  132  14:06  Siege Tank  
  132  14:09  Missile Turret  
  138  14:10  Supply Depot  
  138  14:12  Missile Turret  
  138  14:14  Planetary Fortress  
  137  14:25  SCV x3  
  137  14:28  Siege Tank  
  137  14:29  Hellion x2  
  137  14:30  Missile Turret  
  147  14:32  Supply Depot  
  150  14:45  Siege Tank  
Tags
 
Add a new tag
Caveats
  • Supply blocks, unpowered buildings, or Contaminate may cause inaccurate times.
  • Supply counts are checked every 10 seconds.